 Dungeon Crawl Stone Soup version 0.25.0-26-g0c896c7088 (webtiles) character file.

Game seed: 12398743898560894346

114 Dirian the Shield-Bearer (level 4, -2/40 HPs)
             Began as a Minotaur Fighter on July 3, 2020.
             Killed by nerve-wracking pain
             ... invoked by Grinder
              (13 damage)
             ... on level 3 of the Dungeon.
             The game lasted 00:01:43 (1756 turns).

Dirian the Shield-Bearer (Minotaur Fighter)         Turns: 1756, Time: 00:01:44

Health: -2/40      AC:  7    Str: 21    XL:     4   Next: 67%
Magic:  3/3        EV:  7    Int:  5    God:
Gold:   103        SH:  9    Dex: 10    Spells: 3/3 levels left

rFire    . . .     SeeInvis .   a - +0 war axe
rCold    . . .     Gourm    .   c - +0 kite shield
rNeg     . . .     Faith    .   b - +0 scale mail
rPois    .         Spirit   .   (helmet restricted)
rElec    .         Reflect  .   (no cloak)
rCorr    .         Harm     .   (no gloves)
MR       .....                  (no boots)
Stlth    ..........             (no amulet)
HPRegen  0.13/turn              (no ring)
MPRegen  0.08/turn              (no ring)

@: no status effects
A: retaliatory headbutt, horns 2
a: no special abilities


You were on level 3 of the Dungeon.
You were not hungry.

You visited 1 branch of the dungeon, and saw 3 of its levels.

You collected 103 gold pieces.

Inventory:

Hand Weapons
 a - a +0 war axe (weapon)
Armour
 b - a +0 scale mail (worn)
 c - a +0 kite shield (worn)
 k - a +0 chain mail
Scrolls
 h - 4 scrolls of identify {unknown}
 i - 5 scrolls of teleportation {unknown}
 j - 3 scrolls of fog {unknown}
 n - a scroll of enchant weapon {unknown}
Potions
 d - 3 potions of might
 f - 2 potions of flight {unknown}
 l - a potion of haste
 m - a potion of stabbing {unknown}
Comestibles
 e - 8 rations
 g - 2 chunks of flesh


   Skills:
 + Level 4.2 Fighting
 * Level 4.2 Axes
 + Level 4.4 Armour
 + Level 4.4 Shields


You had 3 spell levels left.
You didn't know any spells.
Your spell library was empty.

Dungeon Overview and Level Annotations

Branches:
Dungeon (3/15)

Altars:

Annotations:
D:3 Grinder


Innate Abilities, Weirdness & Mutations

You reflexively headbutt those who attack you in melee.
You have a pair of horns on your head.


Message History

Grinder is moderately wounded.
Grinder hits you. You block Grinder's attack.
You closely miss Grinder. Your headbutt misses Grinder.
Grinder is moderately wounded.
You block Grinder's attack.
You closely miss Grinder.
Grinder is moderately wounded.
Grinder hits you but does no damage.
You closely miss Grinder.
Grinder is moderately wounded.
Grinder gestures at you. Pain shoots through your body!
* * * LOW HITPOINT WARNING * * *
You slash Grinder!
Grinder is heavily wounded.
Grinder says, "FISH!"
Grinder blinks!
Grinder gestures at you. Pain shoots through your body!
You die...

.# .♣ .##.
###...♣ #.....
#.... ♣♣ ... ..♣
#5# ..♣ #@#...
##§#.♣.♣
#.....♣..♣ ♣.
#..###♣#.. .#
#..#####.###.###
#..#...........
#..#.........#
#..#.........#
#..#.........###


You could see Grinder.

Vanquished Creatures
  Jessica (D:2)
  Terence (D:2)
  Robin (D:2)
  An adder (D:2)
  An ooze (D:2)
  A leopard gecko (D:3)
  A ball python (D:1)
  A giant cockroach (D:2)
  3 hobgoblins
  A quokka (D:2)
  3 bats
  5 frilled lizards
  13 goblins
  5 kobolds
  5 rats
43 creatures vanquished.

Notes
Turn   | Place    | Note
-------+----------+-------------------------------------------
     0 | D:1      | Dirian the Minotaur Fighter began the quest for the Orb.
     0 | D:1      | Reached XP level 1. HP: 19/19 MP: 0/0
   161 | D:1      | Reached XP level 2. HP: 27/27 MP: 1/1
   824 | D:2      | Noticed Terence
   844 | D:2      | Killed Terence
   844 | D:2      | Reached XP level 3. HP: 12/33 MP: 2/2
  1068 | D:2      | Noticed Robin
  1092 | D:2      | Killed Robin
  1092 | D:2      | Reached XP level 4. HP: 23/40 MP: 3/3
  1289 | D:2      | Noticed Jessica
  1292 | D:2      | Killed Jessica
  1725 | D:3      | Noticed Grinder
  1738 | D:3      | Paralysed by Grinder for 6 turns
  1748 | D:3      | Paralysed by Grinder for 4 turns
  1756 | D:3      | Killed from afar by Grinder

Illustrated notes

Levels and vault maps discovered:
D:1:      minmay_arrival_split_and_join, layout_basic, st_stairs_10,
          wad_floor_pattern_2
D:2:      layout_basic, first_ration, uniq_terence, uniq_jessica, uniq_robin
D:3:      layout_basic, xom_butterflies, minitemple,
          chequers_ecumenical_altar_grove, uniq_grinder

Skill      XL: |  1  2  3  4 |
---------------+-------------+-----
Fighting       | 4 |  4.2
Axes           | 3 4 |  4.2
Armour         | 4 |  4.4
Shields        | 4 |  4.4

Action                   |  1- 3 |  4- 6 || total
-------------------------+-------+-------++-------
Melee: War axe           |    63 |    39 ||   102
       Headbutt          |    10 |     2 ||    12
  Eat: Chunk             |       |     3 ||     3
Armor: Scale mail        |    46 |    16 ||    62
Dodge: Dodged            |    31 |    11 ||    42
Block: Kite shield       |    55 |    14 ||    69
